Oilers vs Maple Leafs
Created - 21 novembre 2013 at 19:34
Goals
|
| Oilers |
1 |
1 |
0 |
2 |
| Maple Leafs |
2 |
3 |
2 |
7 |
|
Shots
|
| Oilers |
9 |
18 |
12 |
39 |
| Maple Leafs |
11 |
14 |
12 |
37 |
|
1st period
1. Oilers , Pavel Datsyuk 11 (Joe Pavelski) at 0:34
2. Maple Leafs , Andy Hilbert 3 (Brett Clark, Paul Stastny) at 1:44
3. Maple Leafs , Andy Hilbert 4 (Paul Stastny, Lasse Kukkonen) at 13:38
Penalties :
Alexander Frolov (Tor) for Hooking (Minor) at 9:35, Alexander Frolov (Tor) for Roughing (Minor) at 17:24
2nd period
4. Maple Leafs , Claude Giroux 9 (Dion Phaneuf) at 0:17
5. Oilers , Duncan Keith 1 (Ilya Kovalchuk) at 8:17
6. Maple Leafs , Justin Abdelkader 1 (Jamal Mayers) at 15:03
7. Maple Leafs , Dustin Penner 2 (Tobias Enstrom, Brendan Morrison) at 19:03
Penalties :
Markus Naslund (Edm) for Holding (Minor) at 0:49, Nils Ekman (Tor) for High sticking (Minor) at 12:52, Ian White (Edm) for Hooking (Minor) at 15:33
3rd period
8. Maple Leafs , Dustin Penner 3 (Nils Ekman, Alex Goligoski) at 7:24
9. Maple Leafs , Brett Clark 4 (Tobias Enstrom, Robert Nilsson) at 15:24 (PP)
Penalties :
Jay Harrison (Tor) for Hooking (Minor) at 6:07, Ilya Kovalchuk (Edm) for Hooking (Minor) at 6:07, Brendan Morrison (Tor) for Fighting (Major) at 8:35, Steve Montador (Edm) for Fighting (Major) at 8:35, Jonathan Toews (Edm) for High sticking (Minor) at 8:38, Tobias Enstrom (Tor) for Hooking (Minor) at 13:06, Pavel Datsyuk (Edm) for Hooking (Minor) at 13:26, Duncan Keith (Edm) for High sticking (Minor) at 15:25
Goalie Stats
Cam Ward (Edm), 19 saves from 24 shots - (0,792), L, 8-4-2, 39:03 minutes
Scott Clemmensen (Edm), 11 saves from 13 shots - (0,846), 20:57 minutes
Viktor Fasth (Tor), 37 saves from 39 shots - (0,949), W, 2-0-1, 60:00 minutes
Players Stats for Oilers
Player Name G A P +/- PIM S H SB GA TA FO MP PP MP PK MP
------------------------------------------------------------------------------------
Alexei Yashin 0 0 0 -1 0 1 0 0 0 1 6/8 12:46 0:00 4:00
Brad Boyes 0 0 0 -1 0 1 0 1 1 0 0/0 16:08 3:26 0:00
Duncan Keith 1 0 1 -2 2 4 1 1 1 1 0/0 25:33 3:29 2:56
Eric Nystrom 0 0 0 -2 0 1 1 2 0 0 0/0 8:35 0:04 0:03
Erik Rasmussen 0 0 0 -1 0 0 0 0 0 0 4/7 11:26 0:00 4:10
Ian White 0 0 0 0 2 1 1 1 1 0 0/0 22:59 2:48 2:34
Ilya Kovalchuk 0 1 1 -1 2 7 4 1 0 0 1/3 17:25 3:26 0:02
Joe Callahan 0 0 0 -2 0 4 0 1 0 0 0/0 24:45 3:29 3:43
Joe Pavelski 0 1 1 0 0 2 5 0 1 2 1/1 17:32 2:33 0:00
Jonathan Toews 0 0 0 -2 2 3 3 0 1 0 16/29 19:12 3:26 0:05
Karel Pilar 0 0 0 -2 0 0 0 0 0 0 0/0 10:48 0:20 0:12
Markus Naslund 0 0 0 0 2 1 1 0 0 0 2/3 15:51 2:34 0:00
Pascal Dupuis 0 0 0 -1 0 2 2 1 0 0 0/1 11:33 0:07 4:10
Patrick Kaleta 0 0 0 -1 0 2 1 0 0 0 1/1 7:50 0:21 0:00
Pavel Datsyuk 1 0 1 0 2 4 2 0 1 0 12/16 16:50 2:32 0:00
Rob Scuderi 0 0 0 -2 0 1 2 1 0 1 0/0 14:40 0:00 3:43
Steve Begin 0 0 0 -1 0 5 2 0 0 1 0/0 12:38 0:21 4:00
Steve Montador 0 0 0 0 5 0 1 3 1 1 0/0 21:29 2:28 3:22
Players Stats for Maple Leafs
Player Name G A P +/- PIM S H SB GA TA FO MP PP MP PK MP
------------------------------------------------------------------------------------
Alex Goligoski 0 1 1 2 0 1 0 3 1 0 0/0 21:49 4:27 2:31
Alexander Frolov 0 0 0 0 4 5 2 2 0 1 0/4 21:16 5:07 1:07
Andy Hilbert 2 0 2 1 0 5 0 0 0 0 0/0 11:09 0:03 1:37
Brendan Morrison 0 1 1 1 5 3 1 1 0 0 4/17 15:48 2:46 2:34
Brett Clark 1 1 2 2 0 1 0 2 0 1 0/0 17:55 4:07 2:31
Byron Bitz 0 0 0 1 0 0 2 1 1 0 0/1 13:36 2:46 0:00
Claude Giroux 1 0 1 0 0 2 3 2 1 1 1/2 22:07 5:07 0:00
Dion Phaneuf 0 1 1 1 0 2 0 7 2 2 0/0 29:16 3:48 3:46
Dustin Penner 2 0 2 2 0 6 1 0 1 0 0/0 16:31 3:05 1:56
Jamal Mayers 0 1 1 1 0 0 0 0 0 0 0/0 7:20 0:03 0:00
Jay Harrison 0 0 0 1 2 0 0 0 0 1 0/0 8:45 0:00 0:20
Justin Abdelkader 1 0 1 1 0 1 2 0 0 0 0/1 7:01 0:00 0:00
Lasse Kukkonen 0 1 1 1 0 3 1 0 0 0 0/0 15:09 0:00 0:00
Nils Ekman 0 1 1 2 2 1 1 0 0 0 1/1 10:02 0:03 0:00
Paul Stastny 0 2 2 1 0 1 1 1 0 0 3/6 11:41 0:00 2:16
Rob Schremp 0 0 0 1 0 2 0 0 0 0 1/2 7:15 0:00 0:05
Robert Nilsson 0 1 1 0 0 0 3 0 1 0 16/35 25:32 5:26 2:59
Tobias Enstrom 0 2 2 1 2 4 3 1 0 1 0/0 27:47 4:27 3:26
3 Stars
1 - Dustin Penner (Tor)
2 - Andy Hilbert (Tor)
3 - Brett Clark (Tor)
Power Play
Oilers - 0 on 4 Attempt(s) - 0,00%
Maple Leafs - 1 on 5 Attempt(s) - 20,00%
Penalty Kill
Oilers - 4 on 5 Attempt(s) - 80,00%
- Score 0 goal in Penalty Kill
Maple Leafs - 4 on 4 Attempt(s) - 100,00%
- Score 0 goal in Penalty Kill
Official
Referees : McCauley Wes and Kozari Steve
Linesman : Steve Barton and Jean Morin
Game Notes
13:38 of 1st period - Maple Leafs goal is going for a video replay. After video review, Goal.
Scott Clemmensen enters game at 19:03 of 2nd period
Steve Montador beats up Brendan Morrison at 8:35 of 3rd period
Finance
Level 1 -- Attendance: 4612 (76,87%) -- Ticket Income 415 080 $
Level 2 -- Attendance: 3380 (67,60%) -- Ticket Income 185 900 $
Level 3 -- Attendance: 1483 (74,15%) -- Ticket Income 47 456 $
Level 4 -- Attendance: 3511 (87,78%) -- Ticket Income 70 220 $
Luxury Box -- Attendance: 761 (76,10%) -- Ticket Income 133 175 $
Game was played at the Maple Leafs Garden
Total Attendance: 13747 (76,37%)
Total Ticket Income: 851 831 $
Other Income: 127 775 $
Total Income: 979 606 $
Oilers
5 vs 5 Forward
Center Left Wing Right Wing Time % Phy DF OF
1 Pavel Datsyuk Markus Naslund Joe Pavelski 35 1 1 3
2 Jonathan Toews Ilya Kovalchuk Brad Boyes 35 0 2 3
3 Alexei Yashin Steve Begin Patrick Kaleta 17 1 2 2
4 Erik Rasmussen Eric Nystrom Pascal Dupuis 13 1 3 1
5 vs 5 Defense
Defense Defense Time % Phy DF OF
1 Ian White Steve Montador 35 1 2 2
2 Duncan Keith Joe Callahan 35 1 2 2
3 Karel Pilar Rob Scuderi 25 1 2 2
4 Ian White Duncan Keith 5 0 2 3
PowerPlay Forward
Center Left Wing Right Wing Time % Phy DF OF
1 Pavel Datsyuk Markus Naslund Joe Pavelski 50 0 1 4
2 Jonathan Toews Ilya Kovalchuk Brad Boyes 50 0 1 4
PowerPlay Defense
Defense Defense Time % Phy DF OF
1 Ian White Steve Montador 50 0 2 3
2 Duncan Keith Joe Callahan 50 0 2 3
Penalty Kill 4 Players Forward
Center Wing Time % Phy DF OF
1 Erik Rasmussen Pascal Dupuis 50 1 3 1
2 Alexei Yashin Steve Begin 50 1 3 1
Penalty Kill 4 Players Defense
Defense Defense Time % Phy DF OF
1 Joe Callahan Rob Scuderi 50 1 3 1
2 Duncan Keith Steve Montador 50 1 3 1
Penalty Kill - 3 Players Forward
Forward Time % Phy DF OF
1 Pavel Datsyuk 50 1 3 1
2 Ilya Kovalchuk 50 1 3 1
Penalty Kill - 3 Players Defense
Defense Defense Time % Phy DF OF
1 Duncan Keith Steve Montador 50 1 4 0
2 Joe Callahan Rob Scuderi 50 1 4 0
4 vs 4 Forward
Center Wing Time % Phy DF OF
1 Pavel Datsyuk Joe Pavelski 50 1 1 3
2 Jonathan Toews Ilya Kovalchuk 50 1 1 3
4 vs 4 Defense
Defense Defense Time % Phy DF OF
1 Ian White Steve Montador 50 0 2 3
2 Duncan Keith Joe Callahan 50 0 2 3
Last Minutes Offensive
Center Left Wing Right Wing Defense Defense
Pavel Datsyuk Ilya Kovalchuk Brad Boyes Duncan Keith Ian White
Last Minutes Defensive
Center Left Wing Right Wing Defense Defense
Pavel Datsyuk Ilya Kovalchuk Brad Boyes Duncan Keith Rob Scuderi
Goaltenders
Starting : Cam Ward
Backup : Scott Clemmensen
Extra Forwards
Normal : Jonathan Toews, Pavel Datsyuk, Ilya Kovalchuk - PP : Patrick Kaleta, Steve Begin - PK : Markus Naslund
Extra Defensemen
Normal : Duncan Keith, Steve Montador, Ian White - PP : Karel Pilar - PK : Ian White, Karel Pilar
Penalty Shots
Ilya Kovalchuk, Pavel Datsyuk, Brad Boyes, Markus Naslund, Joe Pavelski
Maple Leafs
5 vs 5 Forward
Center Left Wing Right Wing Time % Phy DF OF
1 Robert Nilsson Alexander Frolov Claude Giroux 40 1 2 2
2 Brendan Morrison Dustin Penner Byron Bitz 30 1 2 2
3 Paul Stastny Andy Hilbert Nils Ekman 20 1 2 2
4 Rob Schremp Justin Abdelkader Jamal Mayers 10 1 2 2
5 vs 5 Defense
Defense Defense Time % Phy DF OF
1 Dion Phaneuf Tobias Enstrom 40 1 2 2
2 Alex Goligoski Lasse Kukkonen 30 1 2 2
3 Brett Clark Jay Harrison 20 1 2 2
4 Dion Phaneuf Tobias Enstrom 10 1 2 2
PowerPlay Forward
Center Left Wing Right Wing Time % Phy DF OF
1 Robert Nilsson Alexander Frolov Claude Giroux 60 1 2 2
2 Brendan Morrison Dustin Penner Byron Bitz 40 1 2 2
PowerPlay Defense
Defense Defense Time % Phy DF OF
1 Alex Goligoski Tobias Enstrom 60 1 2 2
2 Dion Phaneuf Brett Clark 40 1 2 2
Penalty Kill 4 Players Forward
Center Wing Time % Phy DF OF
1 Robert Nilsson Alexander Frolov 60 1 2 2
2 Brendan Morrison Dustin Penner 40 1 2 2
Penalty Kill 4 Players Defense
Defense Defense Time % Phy DF OF
1 Dion Phaneuf Tobias Enstrom 60 1 2 2
2 Alex Goligoski Brett Clark 40 1 2 2
Penalty Kill - 3 Players Forward
Forward Time % Phy DF OF
1 Robert Nilsson 60 1 2 2
2 Brendan Morrison 40 1 2 2
Penalty Kill - 3 Players Defense
Defense Defense Time % Phy DF OF
1 Dion Phaneuf Tobias Enstrom 60 1 2 2
2 Alex Goligoski Brett Clark 40 1 2 2
4 vs 4 Forward
Center Wing Time % Phy DF OF
1 Robert Nilsson Claude Giroux 60 1 2 2
2 Brendan Morrison Alexander Frolov 40 1 2 2
4 vs 4 Defense
Defense Defense Time % Phy DF OF
1 Dion Phaneuf Tobias Enstrom 60 1 2 2
2 Alex Goligoski Brett Clark 40 1 2 2
Last Minutes Offensive
Center Left Wing Right Wing Defense Defense
Robert Nilsson Alexander Frolov Claude Giroux Dion Phaneuf Tobias Enstrom
Last Minutes Defensive
Center Left Wing Right Wing Defense Defense
Robert Nilsson Alexander Frolov Claude Giroux Dion Phaneuf Tobias Enstrom
Goaltenders
Starting : Viktor Fasth
Backup : Marc-André Fleury
Extra Forwards
Normal : Dustin Penner, Nils Ekman, Paul Stastny - PP : Brendan Morrison, Nils Ekman - PK : Paul Stastny
Extra Defensemen
Normal : Lasse Kukkonen, Jay Harrison, Tobias Enstrom - PP : Lasse Kukkonen - PK : Jay Harrison, Tobias Enstrom
Penalty Shots
Claude Giroux, Robert Nilsson, Brendan Morrison, Rob Schremp, Dustin Penner
% Time on Ice - Oilers
Lines # - Real PCT - Wanted PCT - Time Play
Normal Forward
1 - 33% - 35% - 13:41
2 - 33% - 35% - 13:54
3 - 18% - 17% - 7:29
4 - 16% - 13% - 6:46
Normal Defense
1 - 37% - 35% - 15:29
2 - 37% - 35% - 15:37
3 - 25% - 25% - 10:16
4 - 1% - 5% - 0:28
PP Forward
1 - 44% - 50% - 2:44
2 - 56% - 50% - 3:33
PP Defense
1 - 45% - 50% - 2:48
2 - 55% - 50% - 3:29
PK Forward
1 - 51% - 50% - 4:13
2 - 49% - 50% - 4:02
PK Defense
1 - 49% - 50% - 4:02
2 - 51% - 50% - 4:13
PK3 Forward
1 - 0% - 50%
2 - 0% - 50%
PK3 Defense
1 - 0% - 50%
2 - 0% - 50%
44 Forward
1 - 59% - 50% - 2:08
2 - 41% - 50% - 1:30
44 Defense
1 - 50% - 50% - 1:48
2 - 50% - 50% - 1:50
Last Minute Offensive - 0:00
Last Minute Defensive - 0:00
Total
Forward - 60:00
Defense - 60:00
|
% Time on Ice - Maple Leafs
Lines # - Real PCT - Wanted PCT - Time Play
Normal Forward
1 - 36% - 40% - 15:12
2 - 26% - 30% - 10:50
3 - 21% - 20% - 8:47
4 - 17% - 10% - 7:01
Normal Defense
1 - 41% - 40% - 16:57
2 - 39% - 30% - 16:11
3 - 17% - 20% - 7:13
4 - 4% - 10% - 1:29
PP Forward
1 - 66% - 60% - 5:29
2 - 34% - 40% - 2:46
PP Defense
1 - 50% - 60% - 4:08
2 - 50% - 40% - 4:07
PK Forward
1 - 75% - 60% - 4:42
2 - 25% - 40% - 1:35
PK Defense
1 - 60% - 60% - 3:46
2 - 40% - 40% - 2:31
PK3 Forward
1 - 0% - 60%
2 - 0% - 40%
PK3 Defense
1 - 0% - 60%
2 - 0% - 40%
44 Forward
1 - 85% - 60% - 3:05
2 - 15% - 40% - 0:33
44 Defense
1 - 65% - 60% - 2:22
2 - 35% - 40% - 1:16
Last Minute Offensive - 0:00
Last Minute Defensive - 0:00
Total
Forward - 60:00
Defense - 60:00
|
Play by Play
1st period
0:01 of 1st period - Pavel Datsyuk wins face-off versus Robert Nilsson in neutral zone.
0:04 of 1st period - Wrist shot by Joe Pavelski.
0:04 of 1st period - Shot Misses the Net.
0:26 of 1st period - Joe Pavelski is hit by Paul Stastny.
0:34 of 1st period - Wrist shot by Pavel Datsyuk.
0:34 of 1st period - Goal by Pavel Datsyuk - Oilers : 1 - Maple Leafs : 0.
0:35 of 1st period - Brendan Morrison wins face-off versus Jonathan Toews in neutral zone.
0:47 of 1st period - Alex Goligoski is hit by Jonathan Toews and loses puck.
1:00 of 1st period - Jamal Mayers is hit by Steve Begin.
1:08 of 1st period - Backhand shot by Patrick Kaleta.
1:08 of 1st period - Stopped by Viktor Fasth without a rebound.
1:09 of 1st period - Robert Nilsson wins face-off versus Erik Rasmussen in Maple Leafs zone.
1:09 of 1st period - Robert Nilsson is hit by Rob Scuderi.
1:25 of 1st period - Pascal Dupuis is hit by Robert Nilsson and loses puck.
1:42 of 1st period - Snap shot by Andy Hilbert.
1:42 of 1st period - Stopped by Cam Ward with a rebound.
1:44 of 1st period - Wrist shot by Brett Clark.
1:44 of 1st period - Deflect By Andy Hilbert.
1:44 of 1st period - Goal by Andy Hilbert - Oilers : 1 - Maple Leafs : 1.
1:45 of 1st period - Alexei Yashin wins face-off versus Brendan Morrison in neutral zone.
2:00 of 1st period - Snap shot by Brendan Morrison.
2:00 of 1st period - Stopped by Cam Ward without a rebound.
2:01 of 1st period - Robert Nilsson wins face-off versus Jonathan Toews in Oilers zone.
2:06 of 1st period - Joe Callahan is hit by Claude Giroux and loses puck.
3:31 of 1st period - Snap shot by Ilya Kovalchuk.
3:31 of 1st period - Stopped by Viktor Fasth without a rebound.
3:32 of 1st period - Jonathan Toews wins face-off versus Brendan Morrison in Maple Leafs zone.
4:04 of 1st period - Backhand shot by Brad Boyes.
4:04 of 1st period - Shot Blocked by Alex Goligoski.
4:12 of 1st period - Brad Boyes is hit by Lasse Kukkonen and loses puck.
5:34 of 1st period - Andy Hilbert is hit by Joe Pavelski and loses puck.
5:47 of 1st period - Snap shot by Paul Stastny.
5:47 of 1st period - Shot Misses the Net.
5:49 of 1st period - Snap shot by Alexander Frolov.
5:49 of 1st period - Shot Misses the Net.
6:05 of 1st period - Ian White is hit by Claude Giroux and loses puck.
6:44 of 1st period - Slapshot by Steve Begin.
6:44 of 1st period - Stopped by Viktor Fasth without a rebound.
6:45 of 1st period - Brendan Morrison wins face-off versus Markus Naslund in Maple Leafs zone.
7:31 of 1st period - Alex Goligoski is hit by Pascal Dupuis and loses puck.
8:09 of 1st period - Andy Hilbert is hit by Jonathan Toews and loses puck.
9:35 of 1st period - Snap shot by Eric Nystrom.
9:35 of 1st period - Stopped by Viktor Fasth without a rebound.
9:35 of 1st period - Minor Penalty to Alexander Frolov for Hooking.
9:36 of 1st period - Robert Nilsson wins face-off versus Pavel Datsyuk in Maple Leafs zone.
9:59 of 1st period - Tobias Enstrom is hit by Ilya Kovalchuk and loses puck.
10:26 of 1st period - Brendan Morrison is hit by Joe Pavelski and loses puck.
11:01 of 1st period - Icing by Pavel Datsyuk.
11:02 of 1st period - Joe Pavelski wins face-off versus Brendan Morrison in Oilers zone.
11:25 of 1st period - Dion Phaneuf is hit by Jonathan Toews and loses puck.
11:35 of 1st period - Penalty to Alexander Frolov is over, Alexander Frolov is back on ice.
11:42 of 1st period - Snap shot by Paul Stastny.
11:42 of 1st period - Shot Misses the Net.
11:44 of 1st period - Snap shot by Brett Clark.
11:44 of 1st period - Shot Blocked by Eric Nystrom.
11:50 of 1st period - Snap shot by Alexander Frolov.
11:50 of 1st period - Stopped by Cam Ward without a rebound.
11:51 of 1st period - Erik Rasmussen wins face-off versus Brendan Morrison in Oilers zone.
11:53 of 1st period - Icing by Pascal Dupuis.
11:54 of 1st period - Erik Rasmussen wins face-off versus Brendan Morrison in Oilers zone.
11:54 of 1st period - Erik Rasmussen is hit by Byron Bitz.
12:02 of 1st period - Snap shot by Pascal Dupuis.
12:02 of 1st period - Stopped by Viktor Fasth with a rebound.
12:04 of 1st period - Slapshot by Rob Scuderi.
12:04 of 1st period - Stopped by Viktor Fasth without a rebound.
12:05 of 1st period - Pavel Datsyuk wins face-off versus Alexander Frolov in Maple Leafs zone.
12:59 of 1st period - Snap shot by Patrick Kaleta.
12:59 of 1st period - Shot Blocked by Dion Phaneuf.
13:05 of 1st period - Snap shot by Patrick Kaleta.
13:05 of 1st period - Shot Blocked by Tobias Enstrom.
13:07 of 1st period - Wrist shot by Patrick Kaleta.
13:07 of 1st period - Shot Blocked by Paul Stastny.
13:30 of 1st period - Slapshot by Alex Goligoski.
13:30 of 1st period - Shot Misses the Net.
13:34 of 1st period - Snap shot by Paul Stastny.
13:34 of 1st period - Shot Blocked by Eric Nystrom.
13:36 of 1st period - Slapshot by Paul Stastny.
13:36 of 1st period - Shot Misses the Net.
13:38 of 1st period - Slapshot by Andy Hilbert.
13:38 of 1st period - Maple Leafs goal is going for a video replay.
13:38 of 1st period - The goal is good.
13:38 of 1st period - Goal by Andy Hilbert - Oilers : 1 - Maple Leafs : 2.
13:39 of 1st period - Jonathan Toews wins face-off versus Robert Nilsson in neutral zone.
13:42 of 1st period - Snap shot by Ilya Kovalchuk.
13:42 of 1st period - Deflect By Robert Nilsson.
13:42 of 1st period - Shot Blocked by Alex Goligoski.
13:42 of 1st period - Puck is out of play.
13:43 of 1st period - Jonathan Toews wins face-off versus Robert Nilsson in Maple Leafs zone.
14:16 of 1st period - Wrist shot by Dustin Penner.
14:16 of 1st period - Shot Misses the Net.
14:36 of 1st period - Backhand shot by Tobias Enstrom.
14:36 of 1st period - Deflect By Karel Pilar.
14:36 of 1st period - Stopped by Cam Ward with a rebound.
14:38 of 1st period - Slapshot by Dion Phaneuf.
14:38 of 1st period - Shot Blocked by Rob Scuderi.
14:40 of 1st period - Slapshot by Tobias Enstrom.
14:40 of 1st period - Stopped by Cam Ward without a rebound.
14:41 of 1st period - Robert Nilsson wins face-off versus Jonathan Toews in Oilers zone.
14:52 of 1st period - Slapshot by Brad Boyes.
14:52 of 1st period - Shot Blocked by Alexander Frolov.
14:54 of 1st period - Slapshot by Duncan Keith.
14:54 of 1st period - Stopped by Viktor Fasth with a rebound.
14:56 of 1st period - Snap shot by Brad Boyes.
14:56 of 1st period - Shot Misses the Net.
15:08 of 1st period - Markus Naslund is hit by Brendan Morrison and loses puck.
15:17 of 1st period - Wrist shot by Brendan Morrison.
15:17 of 1st period - Shot Misses the Net.
15:33 of 1st period - Patrick Kaleta is hit by Justin Abdelkader.
15:50 of 1st period - Off-side.
15:51 of 1st period - Paul Stastny wins face-off versus Jonathan Toews in neutral zone.
15:56 of 1st period - Snap shot by Paul Stastny.
15:56 of 1st period - Shot Blocked by Steve Montador.
15:58 of 1st period - Snap shot by Dion Phaneuf.
15:58 of 1st period - Stopped by Cam Ward with a rebound.
16:00 of 1st period - Slapshot by Tobias Enstrom.
16:00 of 1st period - Shot Misses the Net.
16:02 of 1st period - Backhand shot by Tobias Enstrom.
16:02 of 1st period - Shot Misses the Net.
16:04 of 1st period - Wrist shot by Andy Hilbert.
16:04 of 1st period - Shot Misses the Net.
16:06 of 1st period - Wrist shot by Paul Stastny.
16:06 of 1st period - Stopped by Cam Ward without a rebound.
16:07 of 1st period - Pavel Datsyuk wins face-off versus Alexander Frolov in Oilers zone.
16:11 of 1st period - Off-side.
16:12 of 1st period - Pavel Datsyuk wins face-off versus Alexander Frolov in neutral zone.
16:15 of 1st period - Dion Phaneuf is hit by Pavel Datsyuk.
16:21 of 1st period - Snap shot by Alexander Frolov.
16:21 of 1st period - Stopped by Cam Ward with a rebound.
16:37 of 1st period - Wrist shot by Pavel Datsyuk.
16:37 of 1st period - Shot Blocked by Dion Phaneuf.
16:53 of 1st period - Joe Pavelski is hit by Robert Nilsson and loses puck.
17:00 of 1st period - Wrist shot by Alexander Frolov.
17:00 of 1st period - Shot Blocked by Steve Montador.
17:10 of 1st period - Alexander Frolov is hit by Joe Pavelski and loses puck.
17:24 of 1st period - Minor Penalty to Alexander Frolov for Roughing.
17:25 of 1st period - Jonathan Toews wins face-off versus Brendan Morrison in Maple Leafs zone.
17:32 of 1st period - Snap shot by Ilya Kovalchuk.
17:32 of 1st period - Stopped by Viktor Fasth without a rebound.
17:33 of 1st period - Jonathan Toews wins face-off versus Brendan Morrison in Maple Leafs zone.
18:40 of 1st period - Brendan Morrison is hit by Ilya Kovalchuk and loses puck.
19:24 of 1st period - Penalty to Alexander Frolov is over, Alexander Frolov is back on ice.
19:36 of 1st period - Slapshot by Tobias Enstrom.
19:36 of 1st period - Stopped by Cam Ward with a rebound.
19:42 of 1st period - Alex Goligoski is hit by Steve Montador and loses puck.
2nd period
0:01 of 2nd period - Robert Nilsson wins face-off versus Jonathan Toews in neutral zone.
0:17 of 2nd period - Slapshot by Claude Giroux.
0:17 of 2nd period - Goal by Claude Giroux - Oilers : 1 - Maple Leafs : 3.
0:18 of 2nd period - Jonathan Toews wins face-off versus Brendan Morrison in neutral zone.
0:21 of 2nd period - Slapshot by Joe Callahan.
0:21 of 2nd period - Stopped by Viktor Fasth with a rebound.
0:31 of 2nd period - Wrist shot by Brendan Morrison.
0:31 of 2nd period - Shot Blocked by Duncan Keith.
0:33 of 2nd period - Wrist shot by Dustin Penner.
0:33 of 2nd period - Stopped by Cam Ward with a rebound.
0:49 of 2nd period - Minor Penalty to Markus Naslund for Holding.
0:50 of 2nd period - Robert Nilsson wins face-off versus Erik Rasmussen in Oilers zone.
1:43 of 2nd period - Alexei Yashin is hit by Robert Nilsson and loses puck.
2:49 of 2nd period - Penalty to Markus Naslund is over, Markus Naslund is back on ice.
2:54 of 2nd period - Pascal Dupuis is hit by Alexander Frolov and loses puck.
3:06 of 2nd period - Off-side.
3:07 of 2nd period - Jonathan Toews wins face-off versus Paul Stastny in neutral zone.
3:57 of 2nd period - Slapshot by Duncan Keith.
3:57 of 2nd period - Deflect By Patrick Kaleta.
3:57 of 2nd period - Shot Blocked by Brendan Morrison.
3:57 of 2nd period - Puck is out of play.
3:58 of 2nd period - Patrick Kaleta wins face-off versus Brendan Morrison in Maple Leafs zone.
4:05 of 2nd period - Backhand shot by Patrick Kaleta.
4:05 of 2nd period - Deflect By Brendan Morrison.
4:05 of 2nd period - Shot Blocked by Byron Bitz.
4:05 of 2nd period - Puck is out of play.
4:06 of 2nd period - Robert Nilsson wins face-off versus Jonathan Toews in Maple Leafs zone.
4:10 of 2nd period - Off-side.
4:11 of 2nd period - Jonathan Toews wins face-off versus Robert Nilsson in neutral zone.
4:19 of 2nd period - Snap shot by Ilya Kovalchuk.
4:19 of 2nd period - Stopped by Viktor Fasth without a rebound.
4:20 of 2nd period - Robert Nilsson wins face-off versus Jonathan Toews in Maple Leafs zone.
4:25 of 2nd period - Slapshot by Dion Phaneuf.
4:25 of 2nd period - Shot Blocked by Brad Boyes.
4:27 of 2nd period - Slapshot by Dion Phaneuf.
4:27 of 2nd period - Stopped by Cam Ward with a rebound.
4:29 of 2nd period - Snap shot by Alexander Frolov.
4:29 of 2nd period - Shot Misses the Net.
4:31 of 2nd period - Snap shot by Alexander Frolov.
4:31 of 2nd period - Shot Blocked by Ilya Kovalchuk.
4:57 of 2nd period - Wrist shot by Pavel Datsyuk.
4:57 of 2nd period - Shot Misses the Net.
4:59 of 2nd period - Snap shot by Joe Pavelski.
4:59 of 2nd period - Stopped by Viktor Fasth with a rebound.
5:31 of 2nd period - Snap shot by Patrick Kaleta.
5:31 of 2nd period - Deflect By Eric Nystrom.
5:31 of 2nd period - Shot Misses the Net.
5:31 of 2nd period - Puck is out of play.
5:32 of 2nd period - Erik Rasmussen wins face-off versus Justin Abdelkader in Maple Leafs zone.
5:39 of 2nd period - Slapshot by Eric Nystrom.
5:39 of 2nd period - Shot Blocked by Brett Clark.
6:23 of 2nd period - Slapshot by Dustin Penner.
6:23 of 2nd period - Stopped by Cam Ward with a rebound.
6:25 of 2nd period - Snap shot by Alex Goligoski.
6:25 of 2nd period - Stopped by Cam Ward with a rebound.
6:27 of 2nd period - Slapshot by Lasse Kukkonen.
6:27 of 2nd period - Stopped by Cam Ward without a rebound.
6:28 of 2nd period - Pavel Datsyuk wins face-off versus Robert Nilsson in Oilers zone.
6:35 of 2nd period - Wrist shot by Joe Pavelski.
6:35 of 2nd period - Stopped by Viktor Fasth without a rebound.
6:36 of 2nd period - Pavel Datsyuk wins face-off versus Robert Nilsson in Maple Leafs zone.
6:37 of 2nd period - Wrist shot by Markus Naslund.
6:37 of 2nd period - Deflect By Tobias Enstrom.
6:37 of 2nd period - Stopped by Viktor Fasth with a rebound.
6:39 of 2nd period - Backhand shot by Duncan Keith.
6:39 of 2nd period - Stopped by Viktor Fasth with a rebound.
6:41 of 2nd period - Slapshot by Joe Callahan.
6:41 of 2nd period - Stopped by Viktor Fasth without a rebound.
6:42 of 2nd period - Robert Nilsson wins face-off versus Jonathan Toews in Maple Leafs zone.
7:18 of 2nd period - Wrist shot by Markus Naslund.
7:18 of 2nd period - Shot Misses the Net.
8:15 of 2nd period - Wrist shot by Ilya Kovalchuk.
8:15 of 2nd period - Stopped by Viktor Fasth with a rebound.
8:17 of 2nd period - Slapshot by Duncan Keith.
8:17 of 2nd period - Goal by Duncan Keith - Oilers : 2 - Maple Leafs : 3.
8:18 of 2nd period - Jonathan Toews wins face-off versus Robert Nilsson in neutral zone.
8:33 of 2nd period - Snap shot by Alexander Frolov.
8:33 of 2nd period - Shot Hit the Post.
8:35 of 2nd period - Snap shot by Alexander Frolov.
8:35 of 2nd period - Shot Misses the Net.
8:51 of 2nd period - Wrist shot by Pavel Datsyuk.
8:51 of 2nd period - Shot Misses the Net.
9:10 of 2nd period - Off-side.
9:11 of 2nd period - Jonathan Toews wins face-off versus Robert Nilsson in neutral zone.
9:20 of 2nd period - Backhand shot by Ilya Kovalchuk.
9:20 of 2nd period - Stopped by Viktor Fasth without a rebound.
9:21 of 2nd period - Robert Nilsson wins face-off versus Jonathan Toews in Maple Leafs zone.
9:26 of 2nd period - Brad Boyes is hit by Tobias Enstrom and loses puck.
9:38 of 2nd period - Snap shot by Jonathan Toews.
9:38 of 2nd period - Shot Blocked by Claude Giroux.
9:40 of 2nd period - Slapshot by Joe Callahan.
9:40 of 2nd period - Stopped by Viktor Fasth without a rebound.
9:41 of 2nd period - Markus Naslund wins face-off versus Brendan Morrison in Maple Leafs zone.
9:54 of 2nd period - Snap shot by Brendan Morrison.
9:54 of 2nd period - Stopped by Cam Ward without a rebound.
9:55 of 2nd period - Ilya Kovalchuk wins face-off versus Robert Nilsson in Oilers zone.
10:02 of 2nd period - Snap shot by Ilya Kovalchuk.
10:02 of 2nd period - Deflect By Jonathan Toews.
10:02 of 2nd period - Stopped by Viktor Fasth with a rebound.
10:04 of 2nd period - Slapshot by Ian White.
10:04 of 2nd period - Stopped by Viktor Fasth with a rebound.
10:06 of 2nd period - Slapshot by Steve Montador.
10:06 of 2nd period - Shot Blocked by Dion Phaneuf.
10:08 of 2nd period - Snap shot by Jonathan Toews.
10:08 of 2nd period - Stopped by Viktor Fasth with a rebound.
10:10 of 2nd period - Slapshot by Ian White.
10:10 of 2nd period - Shot Misses the Net.
10:20 of 2nd period - Wrist shot by Patrick Kaleta.
10:20 of 2nd period - Stopped by Viktor Fasth with a rebound.
10:22 of 2nd period - Snap shot by Steve Begin.
10:22 of 2nd period - Stopped by Viktor Fasth with a rebound.
10:24 of 2nd period - Wrist shot by Steve Begin.
10:24 of 2nd period - Stopped by Viktor Fasth with a rebound.
10:26 of 2nd period - Snap shot by Alexei Yashin.
10:26 of 2nd period - Stopped by Viktor Fasth with a rebound.
10:28 of 2nd period - Slapshot by Patrick Kaleta.
10:28 of 2nd period - Shot Blocked by Alexander Frolov.
12:07 of 2nd period - Icing by Patrick Kaleta.
12:08 of 2nd period - Alexei Yashin wins face-off versus Paul Stastny in Oilers zone.
12:17 of 2nd period - Slapshot by Andy Hilbert.
12:17 of 2nd period - Stopped by Cam Ward without a rebound.
12:18 of 2nd period - Markus Naslund wins face-off versus Robert Nilsson in Oilers zone.
12:25 of 2nd period - Snap shot by Claude Giroux.
12:25 of 2nd period - Shot Misses the Net.
12:27 of 2nd period - Wrist shot by Claude Giroux.
12:27 of 2nd period - Stopped by Cam Ward with a rebound.
12:29 of 2nd period - Slapshot by Jay Harrison.
12:29 of 2nd period - Shot Misses the Net.
12:31 of 2nd period - Snap shot by Alexander Frolov.
12:31 of 2nd period - Stopped by Cam Ward with a rebound.
12:33 of 2nd period - Slapshot by Alexander Frolov.
12:33 of 2nd period - Shot Blocked by Steve Montador.
12:52 of 2nd period - Minor Penalty to Nils Ekman for High sticking.
12:53 of 2nd period - Robert Nilsson wins face-off versus Jonathan Toews in Maple Leafs zone.
12:53 of 2nd period - Robert Nilsson is hit by Ilya Kovalchuk.
13:18 of 2nd period - Pavel Datsyuk is hit by Dustin Penner.
13:22 of 2nd period - Slapshot by Joe Pavelski.
13:22 of 2nd period - Shot Blocked by Dion Phaneuf.
13:24 of 2nd period - Slapshot by Joe Pavelski.
13:24 of 2nd period - Shot Misses the Net.
13:26 of 2nd period - Snap shot by Pavel Datsyuk.
13:26 of 2nd period - Deflect By Markus Naslund.
13:26 of 2nd period - Shot Misses the Net.
13:26 of 2nd period - Puck is out of play.
13:27 of 2nd period - Jonathan Toews wins face-off versus Robert Nilsson in Maple Leafs zone.
13:59 of 2nd period - Slapshot by Joe Callahan.
13:59 of 2nd period - Shot Blocked by Alex Goligoski.
14:13 of 2nd period - Slapshot by Joe Callahan.
14:13 of 2nd period - Shot Misses the Net.
14:15 of 2nd period - Slapshot by Ian White.
14:15 of 2nd period - Shot Misses the Net.
14:37 of 2nd period - Tobias Enstrom is hit by Joe Pavelski and loses puck.
14:52 of 2nd period - Penalty to Nils Ekman is over, Nils Ekman is back on ice.
15:03 of 2nd period - Snap shot by Justin Abdelkader.
15:03 of 2nd period - Goal by Justin Abdelkader - Oilers : 2 - Maple Leafs : 4.
15:04 of 2nd period - Pavel Datsyuk wins face-off versus Alexander Frolov in neutral zone.
15:29 of 2nd period - Tobias Enstrom is hit by Pascal Dupuis and loses puck.
15:33 of 2nd period - Minor Penalty to Ian White for Hooking.
15:34 of 2nd period - Alexei Yashin wins face-off versus Claude Giroux in Oilers zone.
16:04 of 2nd period - Pascal Dupuis is hit by Tobias Enstrom.
17:17 of 2nd period - Rob Scuderi is hit by Tobias Enstrom.
17:33 of 2nd period - Penalty to Ian White is over, Ian White is back on ice.
17:41 of 2nd period - Wrist shot by Joe Callahan.
17:41 of 2nd period - Shot Misses the Net.
18:07 of 2nd period - Nils Ekman is hit by Pavel Datsyuk and loses puck.
18:31 of 2nd period - Jamal Mayers is hit by Ilya Kovalchuk and loses puck.
18:50 of 2nd period - Alexander Frolov is hit by Ian White and loses puck.
19:01 of 2nd period - Slapshot by Tobias Enstrom.
19:01 of 2nd period - Deflect By Dustin Penner.
19:01 of 2nd period - Stopped by Cam Ward with a rebound.
19:03 of 2nd period - Snap shot by Dustin Penner.
19:03 of 2nd period - Goal by Dustin Penner - Oilers : 2 - Maple Leafs : 5.
19:03 of 2nd period - Scott Clemmensen enters game.
19:04 of 2nd period - Jonathan Toews wins face-off versus Robert Nilsson in neutral zone.
19:50 of 2nd period - Backhand shot by Lasse Kukkonen.
19:50 of 2nd period - Stopped by Scott Clemmensen without a rebound.
19:51 of 2nd period - Alexei Yashin wins face-off versus Paul Stastny in Oilers zone.
19:51 of 2nd period - Alexei Yashin is hit by Nils Ekman.
3rd period
0:01 of 3rd period - Robert Nilsson wins face-off versus Ilya Kovalchuk in neutral zone.
0:12 of 3rd period - Wrist shot by Claude Giroux.
0:12 of 3rd period - Deflect By Alexander Frolov.
0:12 of 3rd period - Shot Blocked by Joe Callahan.
0:12 of 3rd period - Puck is out of play.
0:13 of 3rd period - Jonathan Toews wins face-off versus Brendan Morrison in Oilers zone.
0:18 of 3rd period - Snap shot by Ilya Kovalchuk.
0:18 of 3rd period - Shot Hit the Post.
0:20 of 3rd period - Wrist shot by Brad Boyes.
0:20 of 3rd period - Shot Blocked by Dion Phaneuf.
0:24 of 3rd period - Wrist shot by Brad Boyes.
0:24 of 3rd period - Shot Misses the Net.
0:26 of 3rd period - Snap shot by Joe Callahan.
0:26 of 3rd period - Shot Misses the Net.
0:28 of 3rd period - Snap shot by Ilya Kovalchuk.
0:28 of 3rd period - Stopped by Viktor Fasth without a rebound.
0:29 of 3rd period - Pavel Datsyuk wins face-off versus Robert Nilsson in Maple Leafs zone.
0:38 of 3rd period - Slapshot by Pavel Datsyuk.
0:38 of 3rd period - Shot Misses the Net.
0:40 of 3rd period - Snap shot by Pavel Datsyuk.
0:40 of 3rd period - Stopped by Viktor Fasth without a rebound.
0:41 of 3rd period - Jonathan Toews wins face-off versus Robert Nilsson in Maple Leafs zone.
0:46 of 3rd period - Snap shot by Jonathan Toews.
0:46 of 3rd period - Stopped by Viktor Fasth with a rebound.
0:54 of 3rd period - Robert Nilsson is hit by Duncan Keith and loses puck.
1:07 of 3rd period - Brendan Morrison is hit by Markus Naslund and loses puck.
1:39 of 3rd period - Wrist shot by Andy Hilbert.
1:39 of 3rd period - Stopped by Scott Clemmensen with a rebound.
1:49 of 3rd period - Wrist shot by Steve Begin.
1:49 of 3rd period - Stopped by Viktor Fasth without a rebound.
1:50 of 3rd period - Rob Schremp wins face-off versus Alexei Yashin in Maple Leafs zone.
2:15 of 3rd period - Steve Montador is hit by Alexander Frolov and loses puck.
3:19 of 3rd period - Paul Stastny is hit by Rob Scuderi and loses puck.
3:28 of 3rd period - Slapshot by Steve Begin.
3:28 of 3rd period - Stopped by Viktor Fasth without a rebound.
3:29 of 3rd period - Jonathan Toews wins face-off versus Robert Nilsson in Maple Leafs zone.
4:10 of 3rd period - Icing by Brendan Morrison.
4:11 of 3rd period - Brendan Morrison wins face-off versus Erik Rasmussen in Maple Leafs zone.
5:40 of 3rd period - Snap shot by Jamal Mayers.
5:40 of 3rd period - Deflect By Rob Schremp.
5:40 of 3rd period - Stopped by Scott Clemmensen with a rebound.
5:42 of 3rd period - Snap shot by Rob Schremp.
5:42 of 3rd period - Shot Misses the Net.
5:44 of 3rd period - Backhand shot by Rob Schremp.
5:44 of 3rd period - Stopped by Scott Clemmensen with a rebound.
5:58 of 3rd period - Snap shot by Brendan Morrison.
5:58 of 3rd period - Stopped by Scott Clemmensen without a rebound.
5:59 of 3rd period - Brendan Morrison wins face-off versus Jonathan Toews in Oilers zone.
6:07 of 3rd period - Minor Penalty to Jay Harrison for Hooking.
6:07 of 3rd period - Minor Penalty to Ilya Kovalchuk for Hooking.
6:08 of 3rd period - Pavel Datsyuk wins face-off versus Robert Nilsson in Oilers zone.
6:47 of 3rd period - Claude Giroux is hit by Eric Nystrom and loses puck.
7:22 of 3rd period - Slapshot by Alex Goligoski.
7:22 of 3rd period - Deflect By Nils Ekman.
7:22 of 3rd period - Stopped by Scott Clemmensen with a rebound.
7:24 of 3rd period - Backhand shot by Dustin Penner.
7:24 of 3rd period - Goal by Dustin Penner - Oilers : 2 - Maple Leafs : 6.
7:25 of 3rd period - Pavel Datsyuk wins face-off versus Robert Nilsson in neutral zone.
7:30 of 3rd period - Slapshot by Joe Callahan.
7:30 of 3rd period - Shot Misses the Net.
7:32 of 3rd period - Slapshot by Pavel Datsyuk.
7:32 of 3rd period - Shot Blocked by Dion Phaneuf.
7:34 of 3rd period - Slapshot by Duncan Keith.
7:34 of 3rd period - Shot Blocked by Dion Phaneuf.
7:36 of 3rd period - Slapshot by Joe Callahan.
7:36 of 3rd period - Stopped by Viktor Fasth without a rebound.
7:37 of 3rd period - Robert Nilsson wins face-off versus Pavel Datsyuk in Maple Leafs zone.
7:52 of 3rd period - Snap shot by Pavel Datsyuk.
7:52 of 3rd period - Stopped by Viktor Fasth with a rebound.
8:07 of 3rd period - Penalty to Jay Harrison is over, Jay Harrison is back on ice.
8:07 of 3rd period - Penalty to Ilya Kovalchuk is over, Ilya Kovalchuk is back on ice.
8:26 of 3rd period - Wrist shot by Jonathan Toews.
8:26 of 3rd period - Shot Blocked by Brett Clark.
8:28 of 3rd period - Slapshot by Joe Callahan.
8:28 of 3rd period - Shot Blocked by Claude Giroux.
8:30 of 3rd period - Backhand shot by Duncan Keith.
8:30 of 3rd period - Stopped by Viktor Fasth without a rebound.
8:31 of 3rd period - Pavel Datsyuk wins face-off versus Brendan Morrison in Maple Leafs zone.
8:35 of 3rd period - Steve Montador beats up Brendan Morrison.
8:35 of 3rd period - Penalty to Brendan Morrison for Fighting.
8:35 of 3rd period - Penalty to Steve Montador for Fighting.
8:36 of 3rd period - Nils Ekman wins face-off versus Jonathan Toews in Maple Leafs zone.
8:38 of 3rd period - Minor Penalty to Jonathan Toews for High sticking.
8:39 of 3rd period - Alexei Yashin wins face-off versus Robert Nilsson in Oilers zone.
9:05 of 3rd period - Tobias Enstrom is hit by Steve Begin and loses puck.
9:09 of 3rd period - Icing by Tobias Enstrom.
9:10 of 3rd period - Robert Nilsson wins face-off versus Alexei Yashin in Maple Leafs zone.
9:21 of 3rd period - Icing by Claude Giroux.
9:22 of 3rd period - Robert Nilsson wins face-off versus Pascal Dupuis in Maple Leafs zone.
9:39 of 3rd period - Wrist shot by Alexander Frolov.
9:39 of 3rd period - Stopped by Scott Clemmensen with a rebound.
9:41 of 3rd period - Slapshot by Brett Clark.
9:41 of 3rd period - Shot Blocked by Pascal Dupuis.
9:43 of 3rd period - Slapshot by Brett Clark.
9:43 of 3rd period - Shot Misses the Net.
10:38 of 3rd period - Penalty to Jonathan Toews is over, Jonathan Toews is back on ice.
11:25 of 3rd period - Snap shot by Alexander Frolov.
11:25 of 3rd period - Stopped by Scott Clemmensen without a rebound.
11:26 of 3rd period - Pavel Datsyuk wins face-off versus Byron Bitz in Oilers zone.
11:31 of 3rd period - Slapshot by Dustin Penner.
11:31 of 3rd period - Shot Blocked by Ian White.
11:33 of 3rd period - Slapshot by Lasse Kukkonen.
11:33 of 3rd period - Stopped by Scott Clemmensen with a rebound.
12:00 of 3rd period - Snap shot by Pascal Dupuis.
12:00 of 3rd period - Stopped by Viktor Fasth with a rebound.
13:02 of 3rd period - Wrist shot by Ilya Kovalchuk.
13:02 of 3rd period - Stopped by Viktor Fasth without a rebound.
13:03 of 3rd period - Jonathan Toews wins face-off versus Rob Schremp in Maple Leafs zone.
13:04 of 3rd period - Snap shot by Ilya Kovalchuk.
13:04 of 3rd period - Shot Misses the Net.
13:06 of 3rd period - Snap shot by Brad Boyes.
13:06 of 3rd period - Stopped by Viktor Fasth without a rebound.
13:06 of 3rd period - Minor Penalty to Tobias Enstrom for Hooking.
13:07 of 3rd period - Paul Stastny wins face-off versus Pavel Datsyuk in Maple Leafs zone.
13:26 of 3rd period - Minor Penalty to Pavel Datsyuk for Hooking.
13:27 of 3rd period - Robert Nilsson wins face-off versus Ilya Kovalchuk in Oilers zone.
13:34 of 3rd period - Wrist shot by Claude Giroux.
13:34 of 3rd period - Deflect By Ilya Kovalchuk.
13:34 of 3rd period - Shot Misses the Net.
13:34 of 3rd period - Puck is out of play.
13:35 of 3rd period - Penalty to Brendan Morrison is over, Brendan Morrison is back on ice.
13:35 of 3rd period - Penalty to Steve Montador is over, Steve Montador is back on ice.
13:35 of 3rd period - Claude Giroux wins face-off versus Jonathan Toews in Oilers zone.
14:08 of 3rd period - Claude Giroux is hit by Joe Pavelski and loses puck.
14:15 of 3rd period - Jonathan Toews is hit by Claude Giroux and loses puck.
15:06 of 3rd period - Penalty to Tobias Enstrom is over, Tobias Enstrom is back on ice.
15:20 of 3rd period - Snap shot by Dustin Penner.
15:20 of 3rd period - Stopped by Scott Clemmensen with a rebound.
15:22 of 3rd period - Slapshot by Robert Nilsson.
15:22 of 3rd period - Deflect By Tobias Enstrom.
15:22 of 3rd period - Deflect By Steve Montador.
15:22 of 3rd period - Stopped by Scott Clemmensen with a rebound.
15:24 of 3rd period - Slapshot by Brett Clark.
15:24 of 3rd period - Deflect By Steve Montador.
15:24 of 3rd period - Goal by Brett Clark - Oilers : 2 - Maple Leafs : 7.
15:25 of 3rd period - Paul Stastny wins face-off versus Pavel Datsyuk in neutral zone.
15:25 of 3rd period - Minor Penalty to Duncan Keith for High sticking.
15:26 of 3rd period - Alexei Yashin wins face-off versus Robert Nilsson in Oilers zone.
16:21 of 3rd period - Pascal Dupuis is hit by Byron Bitz and loses puck.
17:25 of 3rd period - Penalty to Duncan Keith is over, Duncan Keith is back on ice.
17:38 of 3rd period - Snap shot by Pavel Datsyuk.
17:38 of 3rd period - Stopped by Viktor Fasth with a rebound.
18:18 of 3rd period - Andy Hilbert is hit by Patrick Kaleta and loses puck.
18:52 of 3rd period - Off-side.
18:53 of 3rd period - Erik Rasmussen wins face-off versus Brendan Morrison in neutral zone.
19:04 of 3rd period - Snap shot by Dustin Penner.
19:04 of 3rd period - Shot Hit the Post.
19:06 of 3rd period - Snap shot by Brendan Morrison.
19:06 of 3rd period - Shot Misses the Net.
19:57 of 3rd period - Rob Scuderi is hit by Justin Abdelkader and loses puck.
Output by the SimonT Hockey Simulator (STHS) for François Prévost -- Original Page W3C XHTML 1.0 Valid